 Dungeon Crawl Stone Soup version 0.29-a0-330-g52719c12eb (webtiles) character file.

Game seed: 14041666858777124600

9 Miritol the Bolt Thrower (level 2, 17/17 HPs)
             Began as a Tengu Hunter on May 8, 2022.
             Was a Follower of Kikubaaqudgha.
             Got out of the dungeon alive.
             The game lasted 00:00:40 (89 turns).

Miritol the Bolt Thrower (Tengu Hunter)               Turns: 89, Time: 00:00:41

Health: 17/17      AC:  3    Str: 11    XL:     2   Next: 12%
Magic:  3/3        EV: 12    Int:  9    God:    Kikubaaqudgha [*.....]
Gold:   2          SH:  0    Dex: 17    Spells: 1/1 levels left

rFire   . . .      SeeInvis .   a - +1 hand crossbow
rCold   . . .      Faith    .   (no shield)
rNeg    . . .      Spirit   .   b - +0 leather armour
rPois   .          Reflect  .   (helmet restricted)
rElec   .          Harm     .   (no cloak)
rCorr   .          Rampage  .   (no gloves)
Will    .....                   (boots unavailable)
Stlth   ++........              (no amulet)
HPRegen 0.05/turn               (no ring)
MPRegen 0.08/turn               (no ring)

@: no status effects
A: beak, talons 3
a: Renounce Religion, Receive Corpses


You escaped.
You worshipped Kikubaaqudgha.
Kikubaaqudgha was aware of your devotion.
You visited 1 branch of the dungeon, and saw 1 of its levels.

You collected 2 gold pieces.

Inventory:

Hand Weapons
 a - a +1 hand crossbow (weapon)
 e - a +0 dagger
Missiles
 d - 3 poisoned darts
Armour
 b - a +0 leather armour (worn)
Scrolls
 c - a scroll of immolation
 f - a scroll of fog {unknown}
Potions
 g - 2 potions of degeneration {unknown}


   Skills:
 - Level 2.0 Fighting
 + Level 4.6 Crossbows
 + Level 1.2 Armour
 - Level 2.1 Dodging
 - Level 1.0 Stealth


You had one spell level left.
You didn't know any spells.
Your spell library contained the following spells:

 Spells                   Type           Power      Damage    Failure   Level
 Animate Skeleton         Necr           0%         N/A       47%         1
 Pain                     Necr           0%         1d4       47%         1
 Corpse Rot               Necr/Air       0%         N/A       63%         2
 Vampiric Draining        Necr           0%         2d6       85%         3


Dungeon Overview and Level Annotations

Branches:
Dungeon (1/15)

Altars:
Kikubaaqudgha

Shops:
D:1 [


Innate Abilities, Weirdness & Mutations

You have a beak for a mouth.
You have claws for feet.


Message History

f - a scroll labelled ODORYPNU UMIA
g - 2 inky potions
Found 20 stones.
Found a faded altar of an unknown god.
A kobold comes into view. It is wielding a +0 club.
The kobold shouts!
An endoplasm comes into view.
The endoplasm quivers.
You shoot a bolt. The bolt barely misses the kobold.
The kobold hits you with a +0 club.
You shoot a bolt. The bolt hits the kobold.
You kill the kobold!
You have reached level 2!
You shoot a bolt. The bolt hits the endoplasm.
The endoplasm is heavily wounded.
You shoot a bolt.
The bolt hits the endoplasm but does no damage.
The endoplasm is heavily wounded.
You shoot a bolt. The bolt hits the endoplasm!
You kill the endoplasm!
You enter the shallow water.
Moving in this stuff is going to be slow.
You now have 1 gold piece.
You now have 2 gold pieces (gained 1).
There is a faded altar of an unknown god here.
You cannot tell which god this altar belongs to.
Convert to them anyway?
Kikubaaqudgha accepts your prayer! Kikubaaqudgha welcomes you!
You can now receive cadavers from Kikubaaqudgha.
Kikubaaqudgha grants you a gift!
You add the spells Animate Skeleton, Pain, Corpse Rot and Vampiric Draining to your library.
Unknown command.
Press < or > to pray at altars.
You enter the shallow water.
Moving in this stuff is going to be slow.
Found Negoroh's Antique Armour Boutique.
HP restored.
There is an open door here.
There is a staircase leading out of the dungeon here.
Are you sure you want to leave the Dungeon?
This will make you lose the game!
You have escaped!

.. #......... #.#
#......... .#..#
#.........
.##..###........
......##......++++++
#..#..##......+....+
#.............+....+ .#
#.............+.@..+ ..#
##.##.##......+....+....
#....##......++'+++....
###..######............
#...## ##.#.........
#.#..# #.#.........
####.##.## #.#..##....#
#........####....##.##.#
. #........#........#.#
...


There were no monsters in sight!

Vanquished Creatures
  A dart slug (D:1)
  An endoplasm (D:1)
  2 hobgoblins (D:1)
  A kobold (D:1)
  A rat (D:1)
6 creatures vanquished.

Notes
Turn   | Place    | Note
-------+----------+-------------------------------------------
     0 | D:1      | Miritol the Tengu Hunter began the quest for the Orb.
     0 | D:1      | Reached XP level 1. HP: 12/12 MP: 2/2
    44 | D:1      | Reached skill level 1 in Armour
    51 | D:1      | Found a faded altar of an unknown god.
    56 | D:1      | Reached XP level 2. HP: 16/17 MP: 3/3
    66 | D:1      | Prayed at the altar of an unknown god.
    66 | D:1      | Became a worshipper of Kikubaaqudgha
    66 | D:1      | Reached * piety under Kikubaaqudgha
    66 | D:1      | Received a gift from Kikubaaqudgha
    69 | D:1      | Found Negoroh's Antique Armour Boutique.
    89 | D:$      | Got out of the dungeon alive.

Illustrated notes

Levels and vault maps discovered:
D:1:      lightli_arrival_maybe_door_vault, layout_rooms, serial_shops, shop,
          hellmonk_ecumenical_altar_pennies_from_heaven, minmay_pentomino_u4

Skill      XL: |  1 |
---------------+----+-----
Armour         | 1 |  1.2
Fighting       | |  2.0
Crossbows      | |  4.6
Dodging        | |  2.1
Stealth        | |  1.0

Action                   || total
-------------------------++-------
 Fire: Hand crossbow     ||    15
Dodge: Dodged            ||     1

Table legend: (Time is in decaauts)
 A = Elapsed time spent in this place.
 B = Non-inter-level travel time spent in this place.
 C = Inter-level travel time spent in this place.
 D = Time resting spent in this place.
 E = Time spent auto-exploring this place.
 F = Levels seen in this place.
 G = Mean time per level.
                   A        B        C        D        E       F      G
               +--------+--------+--------+--------+--------+-----+--------+
         Total |     94 |     73 |     21 |      0 |     25 |   1 |   94.0 |
       Dungeon |     94 |     73 |     21 |      0 |     25 |   1 |   94.0 |
               +--------+--------+--------+--------+--------+-----+--------+

Top non-repeatable levels by time:
     D:1: 94 daAuts
